 Dungeon Crawl Stone Soup version 0.25.1-2-g60ff931df9 (webtiles) character file.

Game seed: 6287862075973841252

6850 Kaiern the Fighter (level 10, -2/90 HPs)
             Began as a Pale Draconian Air Elementalist on Aug 19, 2020.
             Was a Priest of Sif Muna.
             Slain by a four-headed hydra (10 damage)
             ... on level 11 of the Dungeon.
             The game lasted 01:15:37 (14736 turns).

Kaiern the Fighter (DrAE)                          Turns: 14736, Time: 01:15:38

Health: -2/90      AC: 10    Str: 11    XL:     10   Next: 78%
Magic:  21/21      EV: 14    Int: 18    God:    Sif Muna [***...]
Gold:   613        SH:  0    Dex: 10    Spells: 6/24 levels left

rFire    . . .     SeeInvis +   w - +6 mace of the Glowing Fool {pain, +Rage rPois Dex-2 SInv}
rCold    . . .     Gourm    .   (no shield)
rNeg     . . .     Faith    .   (armour unavailable)
rPois    +         Spirit   .   (helmet restricted)
rElec    .         Reflect  .   (no cloak)
rCorr    .         Harm     .   v - +0 pair of gloves
MR       .....                  m - +1 pair of boots
Stlth    ++++......             (no amulet)
HPRegen  0.25/turn              c - ring of stealth
MPRegen  0.17/turn              H - ring of poison resistance

@: no status effects
A: breathe steam, unfitting armour, cold-blooded, AC +7
a: Breathe Steam, Channel Magic, Forget Spell, Renounce Religion, Evoke Berserk
Rage


You were on level 11 of the Dungeon.
You worshipped Sif Muna.
Sif Muna was most pleased with you.
You were not hungry.

You visited 2 branches of the dungeon, and saw 12 of its levels.

You collected 667 gold pieces.
You spent 54 gold pieces at shops.

Inventory:

Hand Weapons
 w - the +6 mace of the Glowing Fool (weapon) {pain, +Rage rPois Dex-2 SInv}
   (You found it on level 6 of the Dungeon)

   In the hands of one skilled in necromantic magic, it inflicts extra damage on
   living creatures.
   It affects your dexterity (-2).
   It protects you from poison.
   It lets you see invisible.
   It lets you go berserk.
Missiles
 x - 2 throwing nets (quivered)
Armour
 m - a +1 pair of boots (worn)
 v - a +0 pair of gloves (worn)
Jewellery
 c - a ring of stealth (left hand)
 H - a ring of poison resistance (right hand)
 J - a cursed ring of attention {unknown}
Wands
 j - a wand of disintegration (17)
 k - a wand of acid (38)
 p - a wand of polymorph (27)
 s - a wand of flame (23)
 y - a wand of random effects (28)
 I - a wand of iceblast (7)
Scrolls
 a - 2 scrolls of teleportation {unknown}
 d - 6 scrolls of remove curse
 l - 7 scrolls of fog
 t - 5 scrolls of enchant armour
 z - a scroll of blinking {unknown}
 B - a scroll of brand weapon {unknown}
 C - a scroll of enchant weapon
 F - a scroll of fear
Potions
 e - 6 potions of ambrosia
 f - 3 potions of lignification
 g - a potion of haste {unknown}
 h - a potion of magic {unknown}
 i - 8 potions of curing
 n - 2 potions of might
 o - a potion of heal wounds
 q - a potion of cancellation
 r - a potion of resistance
 u - 2 potions of experience
 A - a potion of invisibility
 D - 2 potions of brilliance {unknown}
 G - a potion of stabbing
Comestibles
 b - 16 rations


   Skills:
 + Level 8.7 Fighting
 + Level 5.6 Dodging
 - Level 5.0 Stealth
 + Level 7.9 Spellcasting
 - Level 6.0 Conjurations
 + Level 6.9 Air Magic
 + Level 4.4 Invocations


You had 6 spell levels left.
You knew the following spells:

 Your Spells              Type           Power        Failure   Level  Hunger
a - Shock                 Conj/Air       ####         1%          1    None
b - Static Discharge      Conj/Air       ####....     1%          3    #......
c - Swiftness             Chrm/Air       ###.....     3%          2    None
d - Airstrike             Air            ####......   5%          4    ###....
e - Mephitic Cloud        Conj/Pois/Air  ###.....     4%          3    #......
f - Lightning Bolt        Conj/Air       ####......   19%         5    #####..

Your spell library contained the following spells:

 Spells                   Type           Power        Failure   Level  Hunger
 Magic Dart               Conj           ####         1%          1    None
 Conjure Flame            Conj/Fire      ###.....     9%          3    #......
 Stone Arrow              Conj/Erth      ###...       9%          3    #......
 Sandblast                Erth           #.....       10%         1    None
 Blink                    Tloc           N/A          16%         2    None
 Call Imp                 Summ           #.......     16%         2    None
 Passwall                 Tmut/Erth      #.......     16%         2    None
 Slow                     Hex            #.......     16%         2    None
 Petrify                  Tmut/Erth      #.......     69%         4    ###....
 Lee's Rapid Deconstruct  Erth           #.........   95%         5    #####..


Dungeon Overview and Level Annotations

Branches:
Dungeon (11/15)            Temple (1/1) D:6
   Lair: D:8-11         Orc: D:9-12

Altars:
Ashenzari
Cheibriados
Dithmenos
Elyvilon
Fedhas
Gozag
Hepliaklqana
Makhleb
Nemelex Xobeh
Okawaru
Qazlal
Ru
Sif Muna
Trog
Uskayaw
Wu Jian
Xom
Yredelemnul
Zin

Shops:
D:8 [

Annotations:
D:9 3 runed translucent doors, infcreate's ghost, journeyman HuBe


Innate Abilities, Weirdness & Mutations

You can breathe blasts of scalding, opaque steam.
Your pale cyan-grey scales are hard. (AC +7)
You cannot fit into any form of body armour.
You are cold-blooded and may be slowed by cold attacks.


Message History

* * * LOW HITPOINT WARNING * * *
You feel much better. The four-headed hydra bites you!
The four-headed hydra closely misses you.
The four-headed hydra bites you but does no damage.
The four-headed hydra bites you.
* * * LOW HITPOINT WARNING * * *
Unknown command.
You start to feel a little faster.
The four-headed hydra closely misses you.
The four-headed hydra bites you.
* * * LOW HITPOINT WARNING * * *
The four-headed hydra bites you.
* * * LOW HITPOINT WARNING * * *
The four-headed hydra bites you!
* * * LOW HITPOINT WARNING * * *
Items here: ))) [[ a +0 robe; a cursed +2 dagger; a +0 robe; a cursed +0 spear; a +0 dagger You no longer feel sluggish.
The four-headed hydra bites you!
You die...

#..........# ####...
##........#### #....#.
#...)........#########......
#..........#................
#.................>.........
#......................)....
#........(......$###.#......
##........#......###.#......
##......##@................
######..#D.....#.#.###[...
##.[.######...#####รท.
###.###.)...........
#..##.##.......... ######
##.[..##...#.###.#
#.....###...........# #.#
.......#...........?....#
................<...#....


You could see a four-headed hydra.

Vanquished Creatures
  A two-headed ogre (D:8)
  Maggie (D:8)
  A troll (D:11)
  A spriggan (D:7)
  6 yaks (D:10)
  A warg (D:11)
  5 orc warriors
  An eye of draining (D:11)
  4 ice beasts
  2 sky beasts
  A black bear (D:8)
  3 phantoms
  2 ogres (D:4)
  A necrophage (D:10)
  2 centaurs
  A crocodile (D:11)
  A big kobold (D:8)
  4 bullfrogs
  A gnoll sergeant (D:10)
  2 wyvern skeletons
  A scorpion (D:7)
  3 wights (D:11)
  2 howler monkeys
  2 crimson imps
  A quasit (D:10)
  3 hounds
  3 jellies
  A centaur skeleton (D:8)
  3 centaur zombies
  4 orc priests
  A gnoll shaman (D:9)
  6 orc wizards
  3 iguanas
  A bullfrog skeleton (D:11)
  7 worker ants
  Ijyb (D:4)
  2 hound skeletons
  A hound zombie (D:5)
  12 gnolls
  9 adders
  2 shadow imps
  An ooze (D:6)
  An adder zombie (D:7)
  2 adder skeletons
  6 worms
  4 dart slugs
  6 leopard geckos
  27 orcs
  A ball python (D:3)
  4 giant cockroaches
  10 goblins
  9 hobgoblins
  8 jackals
  5 kobolds
  2 quokkas
  11 bats
  5 frilled lizards
  A giant cockroach zombie (D:5)
  2 jackal skeletons (D:4)
  A leopard gecko zombie (D:5)
  7 rats
222 creatures vanquished.

Notes
Turn   | Place    | Note
-------+----------+-------------------------------------------
     0 | D:1      | Kaiern the Draconian Air Elementalist began the quest for
                  | the Orb.
     0 | D:1      | Reached XP level 1. HP: 14/14 MP: 3/3
   227 | D:1      | Reached XP level 2. HP: 20/20 MP: 3/5
   707 | D:1      | Reached XP level 3. HP: 27/27 MP: 2/6
  1273 | D:2      | Reached skill level 1 in Fighting
  1602 | D:2      | Reached XP level 4. HP: 23/35 MP: 1/7
  2677 | D:3      | Learned a level 3 spell: Static Discharge
  3313 | D:3      | Reached XP level 5. HP: 41/41 MP: 4/9
  3639 | D:3      | Reached skill level 2 in Fighting
  3938 | D:4      | Noticed an ogre
  3947 | D:4      | Killed an ogre
  4229 | D:4      | Reached XP level 6. HP: 36/50 MP: 1/10
  5070 | D:4      | Learned a level 2 spell: Swiftness
  5263 | D:5      | Entered Level 5 of the Dungeon
  5267 | D:5      | Reached skill level 3 in Fighting
  5332 | D:5      | Noticed Ijyb
  5383 | D:4      | Killed Ijyb
  5744 | D:5      | Your scales start taking on a pale cyan-grey colour.
  5744 | D:5      | Reached skill level 5 in Air Magic
  5744 | D:5      | Reached XP level 7. HP: 56/57 MP: 7/12
  6516 | D:6      | Reached skill level 4 in Fighting
  6787 | D:6      | Found a staircase to the Ecumenical Temple.
  6796 | Temple   | Entered the Ecumenical Temple
  7054 | Temple   | Became a worshipper of Sif Muna the Loreminder
  7297 | D:6      | Got a glimmering mace
  7298 | D:6      | Identified the +6 mace of the Glowing Fool {pain, +Rage
                  | rPois Dex-2 SInv} (You found it on level 6 of the Dungeon)
  7330 | D:6      | Reached XP level 8. HP: 57/67 MP: 8/14
  7606 | D:6      | Found a snail-covered altar of Cheibriados.
  7607 | D:6      | Found a sacrificial altar of Ru.
  7740 | D:6      | Found a burning altar of Makhleb.
  7992 | D:7      | Learned a level 4 spell: Airstrike
  8081 | D:7      | Reached skill level 5 in Fighting
  8887 | D:8      | Found Ixoll's Armour Boutique.
  8924 | D:8      | Reached skill level 5 in Spellcasting
  8928 | D:8      | Bought a +0 pair of gloves for 54 gold pieces
  9272 | D:8      | Reached skill level 6 in Fighting
  9272 | D:8      | Reached skill level 5 in Conjurations
  9272 | D:8      | Reached XP level 9. HP: 74/75 MP: 6/16
  9434 | D:8      | Reached * piety under Sif Muna
  9552 | D:8      | Noticed Maggie
  9687 | D:8      | Killed Maggie
  9688 | D:8      | Noticed a two-headed ogre
  9947 | D:8      | Killed a two-headed ogre
  9947 | D:8      | Reached skill level 7 in Fighting
  9947 | D:8      | Reached skill level 5 in Stealth
 10459 | D:8      | Learned a level 3 spell: Mephitic Cloud
 10661 | D:8      | Reached skill level 1 in Invocations
 11056 | D:8      | Learned a level 5 spell: Lightning Bolt
 11158 | D:9      | Reached XP level 10. HP: 85/86 MP: 10/20
 11551 | D:9      | Found a runed translucent gate.
 11551 | D:9      | Found a runed translucent gate.
 11552 | D:9      | Found a runed translucent gate.
 11553 | D:9      | Noticed infcreate's ghost (journeyman HuBe)
 12100 | D:10     | Entered Level 10 of the Dungeon
 12235 | D:10     | Reached ** piety under Sif Muna
 12664 | D:10     | Reached skill level 8 in Fighting
 12836 | D:10     | Reached skill level 5 in Dodging
 14302 | D:11     | Reached *** piety under Sif Muna
 14639 | D:11     | Noticed a four-headed hydra
 14736 | D:11     | Slain by a four-headed hydra

Illustrated notes

Levels and vault maps discovered:
D:1:      minmay_arrival_stone_box, layout_rooms
D:2:      layout_basic, first_ration, patterned_corridor
D:3:      layout_rooms
D:4:      layout_loops_ring
D:5:      layout_rooms, lemuel_another_geyser, uniq_ijyb
D:6:      layout_rooms, lightli_temple_of_fire, nicolae_overflow_hidden_temple,
          minmay_temple_entry_arrows, grunt_decor_arrowhead
D:7:      layout_cave_pools, the_bakery
D:8:      minmay_imperfect_grid, layout_loops_ring, serial_shops, shop,
          uniq_maggie
D:9:      layout_loops_ring, gammafunk_ghost_spectres
D:10:     layout_loops_ring
D:11:     layout_rooms, erik_lair_orcish_takeover, hangedman_decor_opposing,
          minmay_fractal_squares_gapless_5
Temple:   regret_index_temple_sphere_string

Skill      XL: |  1  2  3  4  5  6  7  8  9 10 |
---------------+-------------------------------+-----
Dodging        | 2 3 4 5 |  5.6
Fighting       | 1 2 3 4 6 7 8 |  8.7
Conjurations   | 2 3 4 5 6 |  6.0
Spellcasting   | 3 4 5 7 |  7.9
Air Magic      | 4 5 6 |  6.9
Stealth        | 2 4 5 |  5.0
Invocations    | 1 4 |  4.4

Action                   |  1- 3 |  4- 6 |  7- 9 | 10-12 || total
-------------------------+-------+-------+-------+-------++-------
Melee: Dagger            |    43 |    51 |       |       ||    94
       Tailslap          |     1 |    10 |     2 |     6 ||    19
       Flail             |       |    10 |     3 |       ||    13
       Mace              |       |       |    43 |    49 ||    92
 Cast: Shock             |    72 |   180 |   252 |   213 ||   717
       Static Discharge  |       |       |     8 |     6 ||    14
       Airstrike         |       |       |     4 |     4 ||     8
       Mephitic Cloud    |       |       |       |    14 ||    14
       Swiftness         |       |       |       |     1 ||     1
  Use: Scroll            |       |     9 |       |     9 ||    18
       Potion            |       |       |     1 |     1 ||     2
 Stab: Sleeping          |     3 |       |     2 |       ||     5
       Confused          |       |       |       |     2 ||     2
  Eat: Chunk             |     3 |    10 |     4 |     5 ||    22
       Ration            |       |     1 |     4 |     2 ||     7
Armor: Skin              |    22 |    26 |    41 |    43 ||   132
Dodge: Dodged            |    36 |    71 |   105 |    85 ||   297
